 Dungeon Crawl Stone Soup version 0.30.1-3-gfc49f6343a (webtiles) character file.

Game seed: 18216084371130900689

132 Fodor the Covered (level 4, -9/41 HPs)
             Began as a Minotaur Fighter on Aug 1, 2023.
             Mangled by an ice beast (13 damage)
             ... on level 3 of the Dungeon.
             The game lasted 00:10:37 (2817 turns).

Fodor the Covered (Minotaur Fighter)                Turns: 2817, Time: 00:10:37

Health: -9/41      AC:  8    Str: 22    XL:     4   Next: 92%
Magic:  3/3        EV:  9    Int:  5    God:
Gold:   123        SH:  4    Dex: 10    Spells: 3/3 levels left

rFire   + . .        a - +0 long sword
rCold   . . .        c - +0 buckler
rNeg    . . .        b - +0 scale mail
rPois   +            (helmet restricted)
rElec   .            o - +0 cloak
rCorr   .            (no gloves)
SInv    .            (no boots)
Will    .....        (no amulet) Stlth
                     j - ring of protection from fire
HPRegen 0.26/turn    m - ring of poison resistance
MPRegen 0.08/turn

%: no passive effects
@: no status effects
A: horns 2, retaliatory headbutt
a: no special abilities


You were on level 3 of the Dungeon.
You visited 1 branch of the dungeon, and saw 3 of its levels.

You collected 123 gold pieces.

Inventory:

Hand Weapons
 a - a +0 long sword (weapon)
Armour
 b - a +0 scale mail (worn)
 c - a +0 buckler (worn)
 o - a +0 cloak (worn)
Jewellery
 j - a ring of protection from fire (left hand)
 m - a ring of poison resistance (right hand)
Scrolls
 f - 3 scrolls of teleportation {unknown}
 g - a scroll of vulnerability {unknown}
 h - 6 scrolls of identify {unknown}
 i - a scroll of enchant armour {unknown}
 l - a scroll of poison {unknown}
 n - a scroll of fear {unknown}
 p - a scroll of immolation {unknown}
 s - a scroll of magic mapping {unknown}
Potions
 d - a potion of might
 e - a potion of lignification {unknown}
 k - a potion of heal wounds {unknown}
 q - a potion of haste {unknown}
 r - a potion of curing {unknown}
 t - a potion of resistance {unknown}


   Skills:
 + Level 4.4 Fighting
 + Level 4.2 Long Blades
 + Level 4.4 Armour
 + Level 0.3 Dodging
 + Level 0.2 Stealth
 + Level 4.3 Shields


You had 3 spell levels left.
You didn't know any spells.
Your spell library contained the following spells:

 Spells                   Type           Power      Damage    Failure   Level
 Vhi's Electric Charge    Tloc/Air       0%         N/A       99%         3
 Arcjolt                  Conj/Air       0%         1d10      100%        5
 Plasma Beam              Fire/Air       0%         2x1d11    100%        6


Dungeon Overview and Level Annotations

Branches:
Dungeon (3/15)

Altars:

Shops:
D:2 :   D:3 =


Innate Abilities, Weirdness & Mutations

You have a pair of horns on your head.
You reflexively headbutt those who attack you in melee.


Message History

The ice beast hits you. The ice beast freezes you!
You hit the ice beast but do no damage. Your headbutt misses the ice beast.
The ice beast hits you but does no damage.
You completely miss the ice beast. You headbutt the ice beast.
The ice beast is lightly wounded.
You block the ice beast's attack.
You slash the ice beast!
The ice beast is moderately wounded.
The ice beast hits you but does no damage.
You closely miss the ice beast.
The ice beast is moderately wounded.
You block the ice beast's attack.
The ice beast hits you but does no damage.
You slash the ice beast! Your headbutt misses the ice beast.
The ice beast is heavily wounded.
The ice beast completely misses you.
You hit the ice beast.
The ice beast is severely wounded.
You block the ice beast's attack.
You closely miss the ice beast.
You headbutt the ice beast, but do no damage.
The ice beast is heavily wounded.
The ice beast hits you. The ice beast freezes you!
You closely miss the ice beast.
The ice beast is heavily wounded.
The ice beast hits you. The ice beast freezes you!
* * * LOW HITPOINT WARNING * * *
The ice beast hits you but does no damage.
You closely miss the ice beast.
The ice beast is heavily wounded.
You block the ice beast's attack.
You hit the ice beast but do no damage. Your headbutt misses the ice beast.
The ice beast is heavily wounded.
The ice beast barely misses you.
You hit the ice beast. Your headbutt misses the ice beast.
The ice beast is severely wounded.
The ice beast hits you.
* * * LOW HITPOINT WARNING * * *
The ice beast freezes you!
You die...

#....##.....#####.
#.#..##.....# #...
#........)..# #.## .
##.#......).####.# ..
...#..........∩..#
...#'##.#....###......##
..... #.########.......#
......#.................
....>SY@................
[....w##########........
##... #.....##. #..
####.....##. #.
#........... #
#.##########
#.##.......'
#....####### ###### #


You could see an ice beast, a worm and a ball python.

Vanquished Creatures
  An orc priest (D:3)
  An adder (D:2)
  A worm (D:2)
  3 dart slugs
  4 orcs (D:3)
  10 endoplasms
  3 giant cockroaches
  7 hobgoblins
  6 jackals
  12 kobolds
  4 quokkas
  8 ball pythons
  A bat (D:2)
  2 frilled lizards
  6 goblins
  5 rats
74 creatures vanquished.

Notes
Turn   | Place    | Note
-------+----------+-------------------------------------------
     0 | D:1      | Fodor the Minotaur Fighter began the quest for the Orb.
     0 | D:1      | Reached XP level 1. HP: 19/19 MP: 0/0
   239 | D:1      | Reached XP level 2. HP: 27/27 MP: 1/1
   882 | D:1      | Reached XP level 3. HP: 33/33 MP: 2/2
  1042 | D:2      | Found Sod Fiph's Book Emporium.
  1378 | D:2      | Reached XP level 4. HP: 40/40 MP: 3/3
  2373 | D:3      | Found Efie's Jewellery Boutique.
  2499 | D:3      | Found a faded altar of an unknown god.
  2802 | D:3      | Noticed an ice beast
  2817 | D:3      | Mangled by an ice beast

Illustrated notes

Levels and vault maps discovered:
D:1:      minmay_arrival_loop, layout_loops_corners
D:2:      layout_rooms, serial_shops, nicolae_shop_just_a_little_nook,
          minmay_misc_feat_ornament, grunt_ministairs_3, minmay_liquid_box,
          minmay_pentomino_pile
D:3:      layout_basic, chequers_ecumenical_altar_twisty, serial_shops, shop

Skill      XL: |  1  2  3  4 |
---------------+-------------+-----
Fighting       | 4 |  4.4
Armour         | 4 |  4.4
Shields        | 4 |  4.3
Long Blades    | 3 4 |  4.2
Dodging        | |  0.3
Stealth        | |  0.2

Action                     |  1- 3 |  4- 6 || total
---------------------------+-------+-------++-------
  Melee: Long sword        |    97 |    72 ||   169
         Headbutt          |    14 |     9 ||    23
 Armour: Scale mail        |    63 |    28 ||    91
  Dodge: Dodged            |    55 |    39 ||    94
  Block: Buckler           |    33 |    20 ||    53
